 Dungeon Crawl Stone Soup version 0.31.0-32-g396128a36d (webtiles) character file.

Game seed: 7126816708347283849

715 H0rd4k the Insei (level 7, -5/45 HPs)
             Began as an Octopode Artificer on Apr 24, 2024.
             Slain by a gnoll bouda
             ... wielding a +0 club
              (6 damage)
             ... on level 5 of the Dungeon.
             The game lasted 00:05:30 (4700 turns).

H0rd4k the Insei (Octopode Artificer)               Turns: 4700, Time: 00:05:31

Health: -5/45      AC:  1    Str: 11    XL:     7   Next: 69%
Magic:  7/7        EV: 13    Int: 21    God:
Gold:   210        SH:  0    Dex: 13    Spells: 6/6 levels left

rFire   . .          .
                       - Unarmed
rCold   . . .        (no shield)
rNeg    . . .        (helmet restricted)
rPois   .            (no amulet)
rElec   .            k - +6 ring of intelligence
rCorr   .            (no ring)
SInv    .            (no ring)
Will    .....        (no ring)
Stlth   +++          (no ring)
HPRegen 0.27/turn    (no ring)
MPRegen 0.10/turn    (no ring)
                     (no ring)

%: no passive effects
@: no status effects
A: almost no armour, amphibious, 8 rings, camouflage 1, gelatinous body 1,
(nimble swimmer 1), tentacles
a: no special abilities


You were on level 5 of the Dungeon.
You visited 2 branches of the dungeon, and saw 7 of its levels.

You collected 210 gold pieces.

Inventory:

Hand Weapons
 w - a +3 dagger of electrocution
Missiles
 p - 5 atropa-tipped darts
 q - a throwing net
 z - 6 poisoned darts
Armour
 C - an orb of guile
Jewellery
 k - a +6 ring of intelligence (left tentacle)
 m - a +4 ring of protection
 r - a ring of protection from fire
 y - a ring of poison resistance
Wands
 b - a wand of flame (24) (quivered)
 c - a wand of charming (8)
 d - a wand of iceblast (1)
Scrolls
 e - 4 scrolls of identify
 f - a scroll of poison
 g - a scroll of enchant weapon {unknown}
 h - a scroll of butterflies
 i - a scroll of fear
 j - a scroll of teleportation {unknown}
 l - 2 scrolls of enchant armour {unknown}
 o - 2 scrolls of blinking {unknown}
 t - a scroll of fog {unknown}
 v - a scroll of silence {unknown}
 x - a scroll of vulnerability {unknown}
Potions
 a - 3 potions of curing
 n - 2 potions of lignification {unknown}
 s - a potion of heal wounds {unknown}
 u - a potion of degeneration {unknown}
 A - a potion of resistance {unknown}
 B - a potion of attraction {unknown}


   Skills:
 + Level 2.7 Fighting
 - Level 2.3 Dodging
 - Level 1.3 Stealth
 + Level 7.6 Unarmed Combat
 - Level 3.2 Evocations


You had 6 spell levels left.
You didn't know any spells.
Your spell library contained the following spells:

 Spells                   Type           Power      Damage    Failure   Level
 Freeze                   Ice            0%         1d3       19%         1
 Frozen Ramparts          Ice            0%         1d1       47%         3
 Hailstorm                Conj/Ice       0%         3d5       47%         3


Dungeon Overview and Level Annotations

Branches:
Dungeon (6/15)             Temple (1/1) D:5

Altars:
Ashenzari
Dithmenos
Elyvilon
Fedhas
Hepliaklqana
Kikubaaqudgha
Makhleb
Nemelex Xobeh
Qazlal
Ru
Sif Muna
Trog
Uskayaw
Vehumet
Wu Jian
Xom
Yredelemnul
Zin
The Shining One

Shops:
D:5 =

Annotations:
D:3 1 runed translucent door, TreeFish's ghost, amateur HuCj
D:5 exclusion: 2 downstairs


Innate Abilities, Weirdness & Mutations

You cannot wear most types of armour.
You are amphibious.
You can wear up to eight rings at the same time.
Your skin changes colour to match your surroundings (Stealth+).
Your rubbery body absorbs attacks. (AC +1, EV +1)
((You are camouflaged when in or above water. (Stealth+)))
You have tentacles for arms and can constrict up to eight enemies at once.


Message History

Placed new exclusion.
Reduced exclusion size to a single square.
Search for what [? for help]? orb
Things that are here:
a +0 dagger; a +0 robe You see here an orb of guile.
C - an orb of guile You see here 9 stones.
There is an open door here.
There is a stone staircase leading down here.
You climb downwards.
The gnoll shouts! x2; The gnoll bouda shouts!
You hear a shout!
The gnoll shouts!
A gnoll comes into view. It is wielding a +0 spear.
The gnoll hits you with a +0 spear! The gnoll hits you with a +0 flail!
There is a stone staircase leading up here.
There are monsters nearby!
You barely miss the gnoll. Your grab misses the gnoll.
You tentacle-slap the gnoll. You grab the gnoll.
The gnoll is moderately wounded.
You constrict the gnoll.
You lose your grip on the gnoll.
The gnoll barely misses you.
You barely miss the gnoll. Your grab misses the gnoll.
The gnoll hits you from afar with a +0 spear!
The gnoll closely misses you. The gnoll completely misses you.
The gnoll hits you with a +0 flail.
* * * LOW HITPOINT WARNING * * *
The gnoll bouda hits you with a +0 club!
* * * LOW HITPOINT WARNING * * *
You climb upwards.
Level annotation: exclusion: 2 downstairs
There is a stone staircase leading down here.
Aiming: Charm
Press: ? - help, Shift-Dir - straight line, f - gnoll bouda
Aim: a gnoll bouda, wielding a +0 club and wearing a +0 robe (chance to affect: 57%)
The gnoll bouda resists with significant effort.
The gnoll hits you with a +0 flail.
* * * LOW HITPOINT WARNING * * *
The gnoll bouda hits you with a +0 club.
You die...

#............##...#
#.........#
#.........)...#...#
#.........#
#...........#....##
##'########
#...........###..#
#.# ####
#...........# #..#
#.# #≈≈≈
#...........# #..#
#.#######≈∩.
#...........#
##.#####........≈≈≈
..).........#
#g##.['..........#
.)..#########
#@g..##...........
....#
#######.........)#
....# #........#..
....# #........#.)
....# #........#.#
....# ##########..
....# #.. ....# #.#
....# #..


You could see a gnoll bouda and a gnoll.

Vanquished Creatures
  A phantom (D:5)
  2 scorpions (D:5)
  A howler monkey (D:5)
  A bombardier beetle (D:5)
  3 orc priests
  Ijyb (D:3)
  2 orc wizards (D:5)
  A gnoll (D:4)
  4 adders
  A shadow imp (D:4)
  2 dart slugs (D:1)
  2 ribbon worms (D:2)
  15 orcs
  11 endoplasms
  4 giant cockroaches
  6 goblins
  4 hobgoblins
  5 jackals
  11 kobolds
  4 quokkas
  7 ball pythons
  4 bats
  2 frilled lizards (D:2)
  4 rats
98 creatures vanquished.

Vanquished Creatures (collateral kills)
  A phantom (D:5)
  2 orc wizards (D:5)
  An adder (D:4)
  6 orcs (D:5)
10 creatures vanquished.

Vanquished Creatures (others)
  A hound (D:4)
  An adder (D:4)
  An orc (D:5)
3 creatures vanquished.

Grand Total: 111 creatures vanquished

Notes
Turn   | Place    | Note
-------+----------+-------------------------------------------
     0 | D:1      | H0rd4k the Octopode Artificer began the quest for the Orb.
     0 | D:1      | Reached XP level 1. HP: 13/13 MP: 1/1
   104 | D:1      | Reached skill level 1 in Unarmed Combat
   123 | D:1      | Reached XP level 2. HP: 18/18 MP: 2/2
   283 | D:1      | Reached skill level 2 in Unarmed Combat
   572 | D:2      | Reached XP level 3. HP: 23/23 MP: 3/3
   995 | D:2      | Reached skill level 3 in Unarmed Combat
  1030 | D:2      | Found a radiant altar of Vehumet.
  1172 | D:2      | Reached XP level 4. HP: 26/28 MP: 4/4
  1276 | D:3      | Found a stormy altar of Qazlal.
  1311 | D:3      | Reached skill level 4 in Unarmed Combat
  1311 | D:3      | Reached XP level 5. HP: 4/34 MP: 5/5
  1468 | D:4      | Found a glowing silver altar of Zin.
  1654 | D:4      | Found a basalt altar of Yredelemnul.
  1896 | D:4      | Identified the +5 long sword of Righteous Fury {heavy,
                  | rC+++ Will++ Str-3 Dex-4}
  2008 | D:5      | Entered Level 5 of the Dungeon
  2045 | D:5      | Reached skill level 5 in Unarmed Combat
  2045 | D:5      | Reached XP level 6. HP: 23/39 MP: 6/6
  2365 | D:5      | Reached skill level 6 in Unarmed Combat
  2418 | D:5      | Reached XP level 7. HP: 45/45 MP: 7/7
  2729 | D:5      | Found Uzih's Jewellery Emporium.
  2764 | D:5      | Reached skill level 7 in Unarmed Combat
  2930 | D:5      | Found a staircase to the Ecumenical Temple.
  3066 | Temple   | Entered the Ecumenical Temple
  3456 | D:3      | Noticed Ijyb
  3467 | D:3      | Killed Ijyb
  3660 | D:3      | Found a runed translucent door.
  3673 | D:3      | Noticed TreeFish's ghost (amateur HuCj)
  4188 | D:2      | Found a faded altar of an unknown god.
  4698 | D:6      | HP: 1/45 [gnoll bouda/+0 club (11)]
  4700 | D:5      | Slain by a gnoll bouda

Illustrated notes

Levels and vault maps discovered:
D:1:      grunt_arrival_crossed_arrows, layout_basic, minmay_misc_feat_room,
          serial_park_tiny_2
D:2:      layout_basic, dreamdust_ecumenical_altar_hidden_monk_grotto,
          basic_altar
D:3:      layout_basic, mainiacjoe_overflow_boulevard,
          ebering_ghost_reflecting_pool, minmay_misc_feat_rows,
          supply_closet_lemuel, uniq_ijyb
D:4:      layout_rooms, nicolae_overflow_crystal_walls,
          mainiacjoe_overflow_tiny_flanked, minivault_1, st_stairs_11,
          minmay_circle_x
D:5:      layout_basic, temple_hall, serial_shops, nicolae_shop_peninsula
D:6:      layout_rooms, grunt_gozag_breadcrumbs
Temple:   lightli_temple_of_artemis

Skill      XL: |  1  2  3  4  5  6  7 |
---------------+----------------------+-----
Unarmed Combat | 1 2 3 4 5 6 7 |  7.6
Fighting       | 2 |  2.7
Dodging        | |  2.3
Stealth        | |  1.3
Evocations     | |  3.2

Action                     |  1- 3 |  4- 6 |  7- 9 || total
---------------------------+-------+-------+-------++-------
  Melee: Unarmed           |    96 |    70 |    72 ||   238
         Tentacles         |    16 |    16 |    13 ||    45
         Constrict         |    21 |    15 |    12 ||    48
         Punch             |     4 |     4 |     1 ||     9
  Evoke: Wand              |       |     9 |    14 ||    23
    Use: Scroll            |       |       |     3 ||     3
         Potion            |       |       |     1 ||     1
   Stab: Sleeping          |     9 |     5 |     5 ||    19
         Distracted        |       |     2 |       ||     2
 Armour: Skin              |    31 |    29 |    61 ||   121
  Dodge: Dodged            |    45 |    42 |    63 ||   150
